 Dungeon Crawl Stone Soup version 0.29-a0-398-ge13fd1374b (webtiles) character file.

Game seed: 17760830152586072648

15280 zishaf the Thaumaturge (level 12, 0/92 HPs)
             Began as a Djinni Venom Mage on May 12, 2022.
             Was a Priest of Dithmenos.
             Slain by a skeletal warrior
             ... wielding a +0 mace
              (22 damage)
             ... on level 12 of the Dungeon.
             The game lasted 00:42:20 (16154 turns).

zishaf the Thaumaturge (Djinni Venom Mage)         Turns: 16154, Time: 00:42:21

Health: 0/92       AC: 12    Str:  7    XL:     12   Next: 55%
Gold:   649        EV: 11    Int: 27    God:    Dithmenos [***...] SH:  6 Dex: 20

rFire   + + .      SeeInvis .   d - +4 short sword (chaos)
rCold   + . .      Faith    .   F - +0 buckler
rNeg    . . .      Spirit   .   K - +2 leather armour {rC+}
rPois   ∞          Reflect  .   (no helmet)
rElec   .          Harm     .   q - +0 cloak
rCorr   .          Rampage  .   (no gloves)
Will    +....                   (boots unavailable)
Stlth   +++.......              B - amulet of regeneration
HPRegen 1.05/turn               h - ring "Foex" {MP+9 AC+4 Int+5 Dex+6}
MPRegen 0.00/turn               y - ring of protection from cold

@: flying, wreathed by umbra
A: sickness immunity, fire resistance 2, cold vulnerability 1, float, innate
caster, HP casting, extra vitality 1, iridescent scales 1, MP-powered wands
a: Renounce Religion, Shadow Step


You were on level 12 of the Dungeon.
You worshipped Dithmenos.
Dithmenos was most pleased with you.
You visited 2 branches of the dungeon, and saw 13 of its levels.
You also visited: Sewer.

You collected 649 gold pieces.

Inventory:

Hand Weapons
 b - a +2 short sword of protection
 d - a +4 short sword of chaos (weapon)
 e - a +0 short sword
 f - a +0 dagger of venom
Missiles
 j - 2 javelins
 n - 2 throwing nets
 A - 9 boomerangs
Armour
 q - a +0 cloak (worn)
 E - a +2 robe of willpower
 F - a +0 buckler (worn)
 H - a +0 kite shield
 K - a +2 leather armour of cold resistance (worn)
Jewellery
 a - a ring of fire
 h - the ring "Foex" (left hand) {MP+9 AC+4 Int+5 Dex+6}
   (You acquired it on level 10 of the Dungeon)

   [ring of protection]

   AC:        It affects your AC (+4).
   Int:       It affects your intelligence (+5).
   Dex:       It affects your dexterity (+6).
   MP:        It affects your magic capacity (+9).
 m - a +6 ring of strength
 y - a ring of protection from cold (right hand)
 B - an amulet of regeneration (around neck)
 M - a +4 ring of protection
Wands
 o - a wand of iceblast (13)
 D - a wand of polymorph (8)
Scrolls
 i - 2 scrolls of enchant armour
 k - a scroll of torment
 t - 5 scrolls of teleportation
 v - 3 scrolls of magic mapping
 w - a scroll of fog
 I - a scroll of fear
 L - a scroll of silence
Potions
 c - 5 potions of curing
 g - a potion of cancellation {unknown}
 l - 2 potions of heal wounds
 p - 2 potions of might
 r - 5 potions of lignification
 s - 4 potions of mutation
 u - a potion of haste
 x - a potion of berserk rage {unknown}
 z - a potion of attraction {unknown}
 C - a potion of invisibility {unknown}
 J - a potion of resistance {unknown}


   Skills:
 + Level 10.3 Fighting
 - Level 2.1 Dodging
 - Level 1.5 Stealth
 + Level 6.0 Shields
 * Level 11.6 Spellcasting
 - Level 5.2 Evocations


You had 12 spell levels left.
You knew the following spells:

 Your Spells              Type           Power      Damage    Failure   Level
a - Sting                 Tmut/Pois      100%       1d8       1%          1
b - Poisonous Vapours     Pois/Air       100%       N/A       1%          2
c - Mephitic Cloud        Conj/Pois/Air  68%        N/A       1%          3
d - Olgreb's Toxic Radia  Pois           68%        N/A       1%          4
e - Magic Dart            Conj           100%       1d8       1%          1
f - Static Discharge      Conj/Air       68%        N/A       1%          2
g - Blink                 Tloc           100%       N/A       1%          2
h - Lesser Beckoning      Tloc           68%        N/A       1%          3
i - Iskenderun's Mystic   Conj/Tloc      68%        2d14      1%          4
Your spell library was empty.

Dungeon Overview and Level Annotations

Branches:
Dungeon (12/15)            Temple (1/1) D:7            Lair (0/6) D:11
    Orc (0/2) D:9           Sewer (visited)

Altars:
Ashenzari
Cheibriados
Dithmenos
Kikubaaqudgha
Ru
Uskayaw
Vehumet
Wu Jian
Yredelemnul
The Shining One


Innate Abilities, Weirdness & Mutations

You are immune to sickness and miasma.
You are immune to poison.
Your flesh is very heat resistant. (rF++)
You are vulnerable to cold. (rC-)
You float through the air rather than walking.
You learn spells naturally, not from books.
Your magical power is your life essence.
You have superior vitality. (+4 MHP)
You are partially covered in iridescent scales. (AC +2)
You expend health (3 HP) to strengthen your wands.


Message History

You hear a shout!
You hear an angry growl.
The skeletal warrior hits you with a +0 battleaxe!
Casting: Iskenderun's Mystic Blast (mildly dangerous; 1% risk of failure)
Confirm with . or Enter, or press ? or * to list all spells.
You erupt in a blast of force!
The mystic blast hits the centaur warrior simulacrum!
The centaur warrior simulacrum vaporises!
Dithmenos accepts your kill.
The mystic blast hits the skeletal warrior!
The skeletal warrior is moderately damaged.
The skeletal warrior is knocked back by the mystic blast.
The mystic blast hits the skeletal warrior but does no damage.
The skeletal warrior is almost destroyed.
The mystic blast hits the skeletal warrior but does no damage.
The skeletal warrior is heavily damaged.
The mystic blast hits the skeletal warrior!
The skeletal warrior is heavily damaged.
The skeletal warrior is knocked back by the mystic blast.
The mystic blast hits the skeletal warrior but does no damage.
The skeletal warrior is lightly damaged.
The skeletal warrior hits you with a +4 dire flail!
* * * LOW HITPOINT WARNING * * *
Casting: Iskenderun's Mystic Blast (mildly dangerous; 1% risk of failure)
Confirm with . or Enter, or press ? or * to list all spells.
You erupt in a blast of force!
The mystic blast hits the ufetubus!
You kill the ufetubus!
Dithmenos accepts your kill.
The mystic blast hits the skeletal warrior but does no damage.
The skeletal warrior is heavily damaged.
The mystic blast hits the skeletal warrior.
You destroy the skeletal warrior!
Dithmenos accepts your kill.
The mystic blast hits the skeletal warrior but does no damage.
The skeletal warrior is heavily damaged.
The mystic blast hits the skeletal warrior!!
The skeletal warrior is heavily damaged.
The skeletal warrior is knocked back by the mystic blast.
* * * LOW HITPOINT WARNING * * *
The skeletal warrior hits you with a +0 mace!!
You die...

*,**,********* #### #..)#○,,,,,,*
*,**,,* ####*#..# #...#,,,,,,,*
*,**,,* #...*#..###...#,,,,,,,*
*,**,,* #...##.$......#,,,,,,,*
*,**,,* #.........z...#,,,,,,,*
*,**,,* ###.............#,,,,,,,*
*,**,,* #.....○...z.....#,,,,,,,*
*,**,,***,*,,,#.z)......#,,,,,,,*
*,**,,*,,,,,,,#.@....z..#,,,,,,,*
*,**,,,,,,,,,,#.........#,,,,,,>*
*,,,,,,,,,,,,,#.......<.#,,,,,,,*
*,,,,*****,***#.........#,,,,,,,*
,,,,,,,,,,,,,,#...........,,,,,,,
,,,,,,,,,,,,,,#........##...,,,,,
,,,,,,*,,,,,,,#........#*.....,,,
,,,,,,,,,,,,,,#........#*,....,,,
,,,,,,,,,,,,<,*........#*,....,,,


You could see 4 skeletal warriors.

Vanquished Creatures
  A boulder beetle (D:11)
  A rakshasa (D:11)
  2 centaur warriors (D:11)
  A hydra (D:12)
  Erica (D:8)
  3 skeletal warriors
  A cyclops (D:10)
  2 gargoyles
  3 kobold demonologists (D:10)
  3 komodo dragons
  An efreet (D:12)
  A hornet (D:6)
  A shadow (D:9)
  A centaur simulacrum (D:12)
  11 yaks
  2 wyverns
  2 steam dragons
  2 vampire mosquitoes (D:10)
  4 wargs (D:10)
  2 acid dragons
  2 water moccasins
  An ice beast (D:4)
  6 orc warriors
  A black bear (D:6)
  2 sky beasts
  An ogre (D:6)
  A tengu (D:10)
  7 centaurs
  5 phantoms
  A kobold brigand (D:10)
  2 bullfrogs
  A gnoll sergeant (D:10)
  8 wights
  5 killer bees (D:9)
  A howler monkey (D:9)
  An electric eel (D:10)
  5 hounds
  3 orc priests
  A jelly (D:5)
  Crazy Yiuf (D:5)
  3 iguanas
  Natasha (thrice) (D:4)
  A merfolk siren (Sewer)
  14 orc wizards
  A merfolk avatar (Sewer)
  10 gnolls
  9 adders
  4 river rats (Sewer)
  2 shadow imps (D:6)
  A white imp (D:12)
  3 ufetubi
  2 worms
  3 dart slugs
  35 orcs
  11 ball pythons
  8 endoplasms
  5 giant cockroaches
  8 goblins
  3 hobgoblins
  2 jackals (D:1)
  8 quokkas
  6 bats
  8 frilled lizards
  12 kobolds
  22 rats
284 creatures vanquished.

Vanquished Creatures (others)
  A centaur (D:8)
  4 plants (D:11)
5 creatures vanquished.

Grand Total: 289 creatures vanquished

Notes
Turn   | Place    | Note
-------+----------+-------------------------------------------
     0 | D:1      | zishaf the Djinni Venom Mage began the quest for the Orb.
     0 | D:1      | Reached XP level 1. HP: 15/15 MP: 0/0
   378 | D:1      | Reached XP level 2. HP: 19/22 MP: 0/0
   578 | D:1      | Reached skill level 1 in Fighting
   743 | D:1      | Found a faded altar of an unknown god.
   987 | D:1      | Reached XP level 3. HP: 26/27 MP: 0/0
   987 | D:1      | Learned a level 1 spell: Magic Dart
  1091 | D:1      | Reached skill level 3 in Spellcasting
  1930 | D:2      | Found an ornate altar of the Wu Jian Council.
  2220 | D:2      | Reached XP level 4. HP: 18/32 MP: 0/0
  3159 | D:2      | Reached XP level 5. HP: 27/38 MP: 0/0
  3159 | D:2      | Learned a level 2 spell: Static Discharge
  3783 | D:3      | Reached skill level 1 in Evocations
  4067 | D:3      | Found a glowing drain.
  4076 | Sewer    | Entered a sewer
  4671 | Sewer    | Reached XP level 6. HP: 35/45 MP: 0/0
  4676 | Sewer    | Reached skill level 4 in Spellcasting
  6140 | D:3      | Found a glowing golden altar of the Shining One.
  6726 | D:4      | Noticed Natasha
  6738 | D:4      | Killed Natasha
  6954 | D:4      | Reached XP level 7. HP: 42/50 MP: 0/0
  6954 | D:4      | Learned a level 2 spell: Blink
  7177 | D:4      | Noticed Natasha
  7754 | D:4      | Reached skill level 5 in Spellcasting
  7922 | D:4      | Killed Natasha
  8007 | D:4      | Noticed Natasha
  8011 | D:4      | Killed Natasha
  8012 | D:4      | Reached XP level 8. HP: 46/58 MP: 0/0
  8563 | D:5      | Entered Level 5 of the Dungeon
  9442 | D:5      | Found a runed translucent door.
  9443 | D:5      | Noticed Crazy Yiuf
  9458 | D:5      | Killed Crazy Yiuf
 10309 | D:6      | Reached skill level 6 in Spellcasting
 10310 | D:6      | Reached skill level 5 in Fighting
 10450 | D:6      | Noticed a hornet
 10451 | D:6      | Reached XP level 9. HP: 65/65 MP: 0/0
 10451 | D:6      | Learned a level 3 spell: Lesser Beckoning
 10455 | D:6      | Killed a hornet
 10550 | D:6      | Reached skill level 7 in Spellcasting
 11063 | D:7      | Gained mutation: You expend health (3 HP) to strengthen
                  | your wands. [potion of mutation]
 11063 | D:7      | Gained mutation: You are partially covered in iridescent
                  | scales. (AC +2) [potion of mutation]
 11065 | D:7      | Found a staircase to the Ecumenical Temple.
 11078 | Temple   | Entered the Ecumenical Temple
 11149 | Temple   | Became a worshipper of Dithmenos the Shadowed
 12076 | D:8      | Noticed Erica
 12115 | D:8      | Killed Erica
 12116 | D:8      | Reached skill level 8 in Spellcasting
 12116 | D:8      | Reached XP level 10. HP: 57/75 MP: 0/0
 12481 | D:8      | Reached skill level 9 in Spellcasting
 12986 | D:9      | Reached skill level 5 in Evocations
 13038 | D:9      | Reached * piety under Dithmenos
 13209 | D:9      | Reached XP level 11. HP: 76/82 MP: 0/0
 13209 | D:9      | Learned a level 4 spell: Iskenderun's Mystic Blast
 13233 | D:9      | Reached skill level 1 in Shields
 13477 | D:9      | Found a staircase to the Orcish Mines.
 13888 | D:10     | Entered Level 10 of the Dungeon
 13949 | D:10     | Reached ** piety under Dithmenos
 14023 | D:10     | Reached skill level 10 in Spellcasting
 14192 | D:10     | Noticed a sun demon
 14447 | D:10     | Reached *** piety under Dithmenos
 14559 | D:10     | Identified a scroll of acquirement
 14559 | D:10     | Acquired the ring "Foex" {MP+9 AC+4 Int+5 Dex+6}
 14920 | D:11     | Noticed a boulder beetle
 14929 | D:11     | Killed a boulder beetle
 15027 | D:11     | Noticed a rakshasa
 15027 | D:11     | Noticed a cyclops
 15028 | D:11     | Noticed a skeletal warrior
 15029 | D:11     | Noticed a skeletal warrior
 15029 | D:11     | Noticed a centaur warrior
 15173 | D:11     | Killed a skeletal warrior
 15213 | D:10     | Killed a cyclops
 15214 | D:10     | Reached XP level 12. HP: 86/91 MP: 0/0
 15279 | D:11     | Killed a skeletal warrior
 15280 | D:11     | Reached skill level 11 in Spellcasting
 15379 | D:11     | Reached skill level 5 in Shields
 15398 | D:11     | Killed a centaur warrior
 15484 | D:11     | Reached skill level 10 in Fighting
 15523 | D:11     | Killed a rakshasa
 15554 | D:11     | Noticed a centaur warrior
 15730 | D:11     | Killed a centaur warrior
 16025 | D:11     | Found a staircase to the Lair.
 16135 | D:12     | Noticed a skeletal warrior
 16137 | D:12     | Noticed a skeletal warrior
 16137 | D:12     | Noticed a skeletal warrior
 16137 | D:12     | Noticed a skeletal warrior
 16140 | D:12     | Noticed a seven-headed hydra
 16142 | D:12     | Noticed a skeletal warrior
 16148 | D:12     | Killed a seven-headed hydra
 16154 | D:12     | Killed a skeletal warrior
 16154 | D:12     | Slain by a skeletal warrior

Illustrated notes

Levels and vault maps discovered:
D:1:      matt_arrival_diagonals, layout_loops_ring,
          shapermc_ecumenical_altar_ellora
D:2:      layout_loops_corners, basic_altar, minmay_misc_feat_square
D:3:      layout_loops_corners, lemuel_doored_altar,
          cheibrodos_sewer_entry_sluice, corexii_hall_statues_l,
          kennysheep_nondescript
D:4:      layout_cave_pools, minmay_door_square, uniq_natasha
D:5:      layout_basic, uniq_crazy_yiuf_cottage
D:6:      layout_loops_cross
D:7:      layout_cave_pods, minmay_temple_entry_offerings
D:8:      layout_basic, uniq_erica
D:9:      layout_layer_cave, orc_0_dummy
D:10:     layout_small_grid, nooodl_orcs_dogs
D:11:     layout_gridville, david_lair_shrubbed, grunt_tough_drop
D:12:     layout_long_grid, serial_ice, serial_ice_c, serial_ice_n,
          serial_ice_e, serial_ice_f, serial_ice_o,
          portal_ice_cave_entry_animals_and_master, serial_shops,
          nicolae_shop_waterfront, minmay_misc_feat_nine_boxes, uniq_azrael
Temple:   mainiacjoe_temple_hex_bubbles

Skill      XL: |  1  2  3  4  5  6  7  8  9 10 11 12 |
---------------+-------------------------------------+-----
Fighting       | 1 2 3 4 5 7 8 9 10 | 10.3
Spellcasting   | 3 4 5 6 8 9 10 11 | 11.6
Evocations     | 1 2 3 4 5 |  5.2
Shields        | 4 6 |  6.0
Dodging        | |  2.1
Stealth        | |  1.5

Action                   |  1- 3 |  4- 6 |  7- 9 | 10-12 || total
-------------------------+-------+-------+-------+-------++-------
Melee: Dagger            |    67 |   166 |    34 |       ||   267
       Unarmed           |     1 |       |       |       ||     1
       Punch             |     1 |     2 |     2 |     1 ||     6
       Short sword       |       |       |    20 |    63 ||    83
 Cast: Sting             |    21 |    26 |       |       ||    47
       Poisonous Vapours |     6 |    30 |    72 |    46 ||   154
       Magic Dart        |       |    16 |    95 |    27 ||   138
       Static Discharge  |       |     4 |    11 |     5 ||    20
       Mephitic Cloud    |       |     3 |    17 |    32 ||    52
       Blink             |       |       |    11 |     3 ||    14
       Olgreb's Toxic Ra |       |       |     2 |    38 ||    40
       Iskenderun's Myst |       |       |       |    54 ||    54
Evoke: Wand              |       |       |     6 |    21 ||    27
  Use: Scroll            |       |       |    16 |     5 ||    21
       Potion            |       |       |     1 |       ||     1
 Stab: Sleeping          |     3 |     3 |       |       ||     6
       Confused          |       |     3 |     1 |     5 ||     9
Armor: Robe              |    11 |    21 |    16 |    10 ||    58
       Leather armour    |       |       |       |    21 ||    21
Dodge: Dodged            |    47 |   104 |    63 |    62 ||   276
Block: Buckler           |       |       |       |    19 ||    19

Table legend: (Time is in decaauts)
 A = Elapsed time spent in this place.
 B = Non-inter-level travel time spent in this place.
 C = Inter-level travel time spent in this place.
 D = Time resting spent in this place.
 E = Time spent auto-exploring this place.
 F = Levels seen in this place.
 G = Mean time per level.
                   A        B        C        D        E       F      G
               +--------+--------+--------+--------+--------+-----+--------+
         Total |  16183 |  15339 |    844 |   3212 |   9051 |  14 | 1155.9 |
       Dungeon |  14676 |  13872 |    804 |   2736 |   8419 |  12 | 1223.0 |
        Temple |    101 |     61 |     40 |      0 |     58 |   1 |  101.0 |
         Sewer |   1405 |   1405 |      0 |    476 |    574 |   1 | 1405.0 |
               +--------+--------+--------+--------+--------+-----+--------+

Top non-repeatable levels by time:
     D:2: 2037 daAuts
     D:3: 1977 daAuts
     D:1: 1928 daAuts
     D:5: 1649 daAuts
   Sewer: 1405 daAuts
     D:4: 1228 daAuts
    D:10: 1212 daAuts
     D:9: 1149 daAuts
    D:11: 1034 daAuts
     D:7: 886 daAuts
     D:8: 835 daAuts
     D:6: 707 daAuts
  Temple: 101 daAuts
    D:12: 26 daAuts
